 Dungeon Crawl Stone Soup version 0.21-a0-442-g848f44b (webtiles) character file.

7627 smurf the Basher (level 10, -19/94 HPs)
             Began as a Minotaur Fighter on Nov 12, 2017.
             Was an Elder of Okawaru.
             Killed from afar by a deep elf knight (31 damage)
             ... with a stone arrow
             ... on level 10 of the Dungeon.
             The game lasted 00:11:20 (8858 turns).

smurf the Basher (Minotaur Fighter)                 Turns: 8858, Time: 00:11:20

Health: -19/94     AC: 11    Str: 28    XL:     10   Next: 98%
Magic:  13/13      EV: 13    Int:  7    God:    Okawaru [****..]
Gold:   406        SH:  6    Dex: 14    Spells: 9/9 levels left

rFire    . . .     SeeInvis .   y - +6 mace of Circularity {flame, MR- Str+4 Int+2 Dex+4}
rCold    + . .     Gourm    .   h - +0 buckler
rNeg     . . .     Faith    .   N - +2 scale mail {rC+}
rPois    +         Spirit   .   (helmet restricted)
rElec    .         Reflect  .   (no cloak)
rCorr    .         Harm     .   (no gloves)
MR       .....                  (no boots)
Stlth    ++........             (no amulet)
HPRegen  0.25/turn              L - ring of poison resistance
MPRegen  0.13/turn              (no ring)

@: heroism
A: retaliatory headbutt, horns 2
a: Heroism, Renounce Religion


You were on level 10 of the Dungeon.
You worshipped Okawaru.
Okawaru was greatly pleased with you.
You were not hungry.

You visited 1 branch of the dungeon, and saw 10 of its levels.

You collected 406 gold pieces.

Inventory:

Hand Weapons
 a - a +0 war axe
 s - a +2 shortbow of flaming
 y - the +6 mace of Circularity (weapon) {flame, MR- Str+4 Int+2 Dex+4}
   (You found it on level 6 of the Dungeon)

   It has been specially enchanted to burn those struck by it, causing extra
   injury to most foes and up to half again as much damage against particularly
   susceptible opponents.
   It affects your strength (+4).
   It affects your intelligence (+2).
   It affects your dexterity (+4).
   It affects your resistance to hostile enchantments.
 z - a +0 shortbow
 O - a +3 broad axe
Missiles
 l - 241 stones
 t - 13 javelins (quivered)
 A - 194 arrows
Armour
 b - a +1 scale mail
 c - a +0 shield
 h - a +0 buckler (worn)
 J - a +0 plate armour
 N - a +2 scale mail of cold resistance (worn)
Jewellery
 E - an uncursed ring of fire
 L - a ring of poison resistance (left hand)
Wands
 F - a wand of acid (13/15)
Scrolls
 e - 2 scrolls of recharging
 g - 7 scrolls of identify
 i - 2 scrolls of amnesia
 j - 4 scrolls of remove curse
 n - 2 scrolls of immolation {unknown}
 q - 4 scrolls of teleportation
 v - a scroll of holy word {unknown}
 w - 3 scrolls of enchant armour
 K - 2 scrolls of magic mapping
Potions
 d - 2 potions of might
 o - 4 potions of curing
 p - 4 potions of degeneration
 u - 2 potions of berserk rage
 B - 2 potions of heal wounds
 C - a potion of magic
 D - a potion of flight {unknown}
 G - 2 potions of brilliance {unknown}
 H - a potion of haste {unknown}
Books
 x - a book of Callings

   Spells                             Type                      Level
   a - Summon Small Mammal            Summoning                    1
   b - Call Imp                       Summoning                    2
   c - Call Canine Familiar           Summoning                    3
   d - Summon Guardian Golem          Hexes/Summoning              3
   e - Summon Lightning Spire         Summoning/Air                4
   f - Summon Ice Beast               Ice/Summoning                4
Miscellaneous
 I - a lamp of fire
Comestibles
 f - 12 bread rations
 k - 7 royal jellies
 m - 3 meat rations
 r - 10 fruits
 M - 3 chunks of flesh


   Skills:
 + Level 10.9(15.9) Fighting
 - Level 9.8(16.8) Axes
 * Level 11.0(17.4) Maces & Flails
 - Level 6.1(11.1) Armour
 - Level 3.6(8.6) Shields
 + Level 6.5 Invocations


You had 9 spell levels left.
You didn't know any spells.

Dungeon Overview and Level Annotations

Branches:
Dungeon (10/15)            Temple (0/1) D:7            Lair (0/6) D:10
    Orc (0/2) D:9

Altars:
Ashenzari
Dithmenos
Elyvilon
Gozag
Kikubaaqudgha
Makhleb
Okawaru
Qazlal
Ru
Trog
Vehumet
Xom
The Shining One

Shops:
D:6 :


Innate Abilities, Weirdness & Mutations

You reflexively headbutt those who attack you in melee.
You have a pair of horns on your head.


Message History

The deep elf knight is moderately wounded.
You block the deep elf knight's attack.
Unknown command.
You feel much better.
The deep elf knight hits you with an uncursed scimitar.
You thump the deep elf knight! You burn the deep elf knight.
The deep elf knight is heavily wounded.
The deep elf knight casts a spell at you.
The stone arrow hits you!
* * * LOW HITPOINT WARNING * * *
You thump the deep elf knight! You burn the deep elf knight.
The deep elf knight is severely wounded.
The deep elf knight barely misses you. You furiously retaliate!
You headbutt the deep elf knight.
Unknown command.
You hit the deep elf knight but do no damage.
The deep elf knight is almost dead.
The deep elf knight points at you and mumbles some strange words.
The stone arrow hits you!
You die...

# #. ..#(#.
##.#.#####..###.
.............e..
#..>.......(...
#.(().....#
###(##..##### #...#
#.# #e#####.#.....#
#.@)......(...#
#..###.#......#
#....# .......+
#.#.##.###......
#..............
#...###.###.######.#
#...#....)..........
#....#.#.####.#####.
####.#.#.# #.## #.


You could see a deep elf knight.

Vanquished Creatures
  3 two-headed ogres
  Urug (D:10)
  An elephant (D:10)
  Joseph (D:10)
  A spriggan (D:7)
  3 hippogriffs
  The ghost of Qupu the Ruffian, an amateur DrTm (D:3)
  An acid dragon (D:9)
  A water moccasin (D:10)
  An orc warrior (D:9)
  2 ice beasts (D:9)
  4 sky beasts
  2 black bears (D:8)
  3 phantoms
  An ogre (D:7)
  5 centaurs
  2 crocodiles (D:10)
  7 bullfrogs
  2 scorpions (D:7)
  An electric eel (D:9)
  A howler monkey (D:6)
  4 crimson imps
  2 centaur zombies
  2 lava snakes (D:7)
  A quasit (D:8)
  A bullfrog zombie (D:9)
  4 hounds
  6 orc wizards
  5 orc priests
  A centaur skeleton (D:5)
  2 iguanas
  Natasha (thrice) (D:2)
  3 worker ants
  A hound skeleton (D:5)
  7 adders
  A gnoll (D:1)
  A howler monkey skeleton (D:9)
  An ooze (D:2)
  An adder skeleton (D:6)
  A worm (D:2)
  2 dart slugs
  3 leopard geckos
  22 orcs
  6 giant cockroaches
  5 goblins
  13 hobgoblins
  7 jackals
  2 quokkas
  2 ball pythons (D:2)
  6 bats
  3 frilled lizards
  8 kobolds
  A leopard gecko skeleton (D:4)
  4 rats
175 creatures vanquished.

Notes
Turn   | Place    | Note
-------+----------+-------------------------------------------
     0 | D:1      | smurf the Minotaur Fighter began the quest for the Orb.
     0 | D:1      | Reached XP level 1. HP: 19/19 MP: 0/0
   286 | D:1      | Reached XP level 2. HP: 26/27 MP: 1/1
   658 | D:1      | Reached XP level 3. HP: 22/33 MP: 2/2
  1130 | D:2      | Noticed Natasha
  1145 | D:2      | Killed Natasha
  1145 | D:2      | Reached XP level 4. HP: 17/41 MP: 3/3
  1478 | D:2      | Noticed Natasha
  1483 | D:2      | Killed Natasha
  1495 | D:2      | Noticed Natasha
  1503 | D:2      | Killed Natasha
  1722 | D:2      | Reached XP level 5. HP: 43/47 MP: 4/4
  1801 | D:2      | Found a burning altar of Makhleb.
  2021 | D:3      | Noticed Qupu's ghost (amateur DrTm)
  2040 | D:3      | Killed Qupu's ghost
  2040 | D:3      | Reached skill level 5 in Fighting
  2040 | D:3      | Reached skill level 5 in Axes
  2040 | D:3      | Reached skill level 5 in Armour
  2040 | D:3      | Reached XP level 6. HP: 32/56 MP: 5/5
  2463 | D:3      | Found a glowing golden altar of the Shining One.
  3205 | D:5      | Entered Level 5 of the Dungeon
  3205 | D:5      | Noticed a sky beast
  3225 | D:5      | Killed a sky beast
  3228 | D:5      | Reached XP level 7. HP: 21/62 MP: 6/6
  4463 | D:5      | Reached XP level 8. HP: 71/71 MP: 7/7
  4653 | D:5      | Found a white marble altar of Elyvilon.
  5133 | D:6      | Found a sacrificial altar of Ru.
  5165 | D:6      | Found an iron altar of Okawaru.
  5166 | D:6      | Found a bloodstained altar of Trog.
  5178 | D:6      | Became a worshipper of Warmaster Okawaru
  5275 | D:6      | Got a polished mace
  5276 | D:6      | Identified the +6 mace of Circularity {flame, MR- Str+4 Int+2 Dex+4} (You found it on level 6 of the Dungeon)
  5303 | D:6      | Found Arphokh's Book Emporium.
  5605 | D:7      | Reached skill level 1 in Maces & Flails
  5614 | D:7      | Reached skill level 1 in Invocations
  5617 | D:7      | Reached skill level 2 in Maces & Flails
  5740 | D:7      | Reached skill level 3 in Maces & Flails
  5903 | D:7      | Found a staircase to the Ecumenical Temple.
  5941 | D:7      | Reached XP level 9. HP: 77/81 MP: 9/9
  6010 | D:7      | Found an opulent altar of Gozag.
  6022 | D:7      | Reached skill level 4 in Maces & Flails
  6050 | D:7      | Reached * piety under Okawaru
  6341 | D:7      | Reached skill level 5 in Maces & Flails
  6513 | D:8      | Reached skill level 6 in Maces & Flails
  6618 | D:8      | You fall through a shaft!
  6619 | D:9      | Found a shattered altar of Ashenzari.
  6691 | D:9      | Reached ** piety under Okawaru
  6957 | D:9      | Found a staircase to the Orcish Mines.
  6993 | D:9      | Reached skill level 7 in Maces & Flails
  7270 | D:9      | Found a radiant altar of Vehumet.
  7509 | D:9      | Found a stormy altar of Qazlal.
  7581 | D:9      | Reached skill level 8 in Maces & Flails
  7623 | D:8      | Found a shimmering altar of Xom.
  7662 | D:8      | Reached XP level 10. HP: 87/92 MP: 12/12
  7766 | D:8      | Noticed a two-headed ogre
  7775 | D:8      | Killed a two-headed ogre
  7775 | D:8      | Reached skill level 5 in Invocations
  7900 | D:8      | Noticed a two-headed ogre
  7905 | D:8      | Killed a two-headed ogre
  7905 | D:8      | Reached *** piety under Okawaru
  7905 | D:8      | Reached skill level 10 in Fighting
  7905 | D:8      | Reached skill level 9 in Maces & Flails
  8199 | D:8      | Found an ancient bone altar of Kikubaaqudgha.
  8200 | D:8      | Found a shadowy altar of Dithmenos.
  8384 | D:10     | Entered Level 10 of the Dungeon
  8436 | D:10     | Found a staircase to the Lair.
  8436 | D:10     | Noticed an elephant
  8459 | D:10     | Killed an elephant
  8462 | D:10     | Reached skill level 10 in Maces & Flails
  8687 | D:10     | Noticed a two-headed ogre
  8696 | D:10     | Killed a two-headed ogre
  8696 | D:10     | Reached **** piety under Okawaru
  8801 | D:10     | Noticed Urug
  8817 | D:10     | Killed Urug
  8828 | D:10     | Noticed Joseph
  8828 | D:10     | Noticed an enchanted demon blade
  8835 | D:10     | Noticed a deep elf knight
  8838 | D:10     | Killed Joseph
  8838 | D:10     | Reached skill level 11 in Maces & Flails
  8858 | D:10     | Killed from afar by a deep elf knight

Vault maps used:
D:1:      saegor_arrival_under_anarchy
D:2:      overflow_temple_1_default, first_bread, uniq_natasha
D:3:      nicolae_tso_swordbearing_angel
D:5:      kennysheep_mini_moat
D:6:      grunt_temple_overflow_bloody_war, lemuel_round_altar, serial_shops,
          shop_statue, grunt_decor_cap
D:7:      minmay_temple_entry_water_ring, basic_altar, the_bakery,
          kennysheep_crisscross
D:8:      nicolae_overflow_hidden_temple, basic_altar,
          kennysheep_cross_bottleneck
D:9:      lemuel_doored_altar, nicolae_qazlal_general_emergency,
          evilmike_ruin_ashenzari, orc_0_dummy
D:10:     david_lair_generic, sword_in_stone

Skill      XL: |  1  2  3  4  5  6  7  8  9 10 |
---------------+-------------------------------+-----
Axes           | 3 4 5 6 8 9 |  9.8
Fighting       | 4 5 6 8 9 10 | 10.9
Armour         | 4 5 6 |  6.1
Maces & Flails | 3 8 11 | 11.0
Invocations    | 2 4 6 |  6.5
Shields        | |  3.6

Action                   |  1- 3 |  4- 6 |  7- 9 | 10-12 || total
-------------------------+-------+-------+-------+-------++-------
Melee: War axe           |    88 |   104 |   115 |       ||   307
       Headbutt          |    14 |    17 |    54 |    19 ||   104
       Mace              |       |       |   137 |    65 ||   202
Throw: Javelin           |       |       |       |     3 ||     3
Invok: Heroism           |       |       |     1 |     6 ||     7
  Use: Potion            |       |     3 |     1 |     1 ||     5
       Scroll            |       |       |    16 |       ||    16
  Eat: Chunk             |     1 |     5 |    11 |     1 ||    18
       Bread ration      |       |       |     1 |     1 ||     2
Armor: Scale mail        |    49 |    52 |    79 |     2 ||   182
       Plate armour      |       |       |    24 |    12 ||    36
Dodge: Dodged            |    29 |    38 |    91 |    22 ||   180
Block: Shield            |    17 |       |       |       ||    17
       Buckler           |    11 |    24 |    57 |    10 ||   102

Table legend:
 A = Spawn XP
 B = Non-spawn XP
 C = Spawn XP percentage of total XP
 D = Spawn monster count
 E = Non-spawn monster count
 F = Spawn count percentage of total count
 G = Total turns spent on level
                    A         B        C        D         E        F      G
               +---------+---------+-------+---------+---------+-------+---------
         Total |       0 |   10896 |   0.0 |       0 |     175 |   0.0 |  8858
               +---------+---------+-------+---------+---------+-------+---------
           D:1 |       0 |      61 |   0.0 |       0 |      29 |   0.0 |  1110
           D:2 |       0 |     144 |   0.0 |       0 |      20 |   0.0 |   908
           D:3 |       0 |     196 |   0.0 |       0 |       7 |   0.0 |   490
           D:4 |       0 |     166 |   0.0 |       0 |       8 |   0.0 |   697
           D:5 |       0 |    1122 |   0.0 |       0 |      21 |   0.0 |  1208
           D:6 |       0 |     429 |   0.0 |       0 |      17 |   0.0 |  1187
           D:7 |       0 |    1244 |   0.0 |       0 |      28 |   0.0 |   781
           D:8 |       0 |    2812 |   0.0 |       0 |      17 |   0.0 |   977
           D:9 |       0 |    1332 |   0.0 |       0 |      17 |   0.0 |  1026
          D:10 |       0 |    3390 |   0.0 |       0 |      11 |   0.0 |   474
               +---------+---------+-------+---------+---------+-------+---------
